 Dungeon Crawl Stone Soup version 0.21-a0-380-gd65dc97 (webtiles) character file.

8323 Spazmo the Thaumaturge (level 11, -3/63 HPs)
             Began as a Deep Elf Fire Elementalist on Oct 17, 2017.
             Was an Elder of Vehumet.
             Splashed by an oklob plant's acid (10 damage)
             ... on level 1 of the Lair of Beasts.
             The game lasted 00:33:31 (9435 turns).

Spazmo the Thaumaturge (Deep Elf Fire Elementalist) Turns: 9435, Time: 00:33:33

Health: -3/63      AC: -7    Str:  5    XL:     11   Next: 8%
Magic:  21/36      EV: 17    Int: 24    God:    Vehumet [****..]
Gold:   628        SH:  4    Dex: 15    Spells: 13/30 levels left

rFire    . . .     SeeInvis .   q - +3 quarterstaff (chaos)
rCold    . . .     Gourm    .   (shield currently unavailable)
rNeg     . . .     Faith    .   a - +0 robe
rPois    .         Spirit   .   (no helmet)
rElec    .         Reflect  +   r - +1 cloak
rCorr    .         Harm     .   m - +0 pair of gloves
MR       +....                  (no boots)
Stlth    ++........             C - +4 amulet of reflection
HPRegen  0.20/turn              J - ring of magical power
MPRegen  0.25/turn              (no ring)

@: corroded
A: no striking features
a: Renounce Religion


You were on level 1 of the Lair of Beasts.
You worshipped Vehumet.
Vehumet was greatly pleased with you.
You were not hungry.

You visited 2 branches of the dungeon, and saw 10 of its levels.

You collected 628 gold pieces.

Inventory:

Hand Weapons
 o - a +1 short sword of protection
 q - a +3 quarterstaff of chaos (weapon)
Missiles
 d - 258 stones (quivered)
Armour
 a - a +0 robe (worn)
 m - a +0 pair of gloves (worn)
 r - a +1 cloak (worn)
Jewellery
 C - a +4 amulet of reflection (around neck)
 J - a ring of magical power (left hand)
Wands
 v - a wand of polymorph (13/24)
 w - a wand of acid (7/15)
 D - a wand of random effects (37/48)
 G - a wand of flame (15/48)
 L - a wand of paralysis (9/24)
 M - a wand of acid (4/15)
 N - a wand of enslavement (7/24)
Scrolls
 e - a scroll of enchant weapon
 g - 2 scrolls of identify
 n - a scroll of recharging
 s - a scroll of enchant armour
 t - a scroll of fog
 u - 4 scrolls of remove curse
 B - 3 scrolls of fear
 H - a scroll of summoning
Potions
 f - 2 potions of mutation
 h - a potion of brilliance
 j - 4 potions of curing
 k - a potion of might
 l - a potion of cancellation
 p - 2 potions of haste
 A - a potion of lignification {unknown}
 I - 2 potions of ambrosia
 K - 2 potions of heal wounds
Books
 b - a book of Flames

   Spells                             Type                      Level
   a - Flame Tongue                   Conjuration/Fire             1
   b - Throw Flame                    Conjuration/Fire             2
   c - Conjure Flame                  Conjuration/Fire             3
   d - Inner Flame                    Hexes/Fire                   3
   e - Sticky Flame                   Conjuration/Fire             4
   f - Fireball                       Conjuration/Fire             5
 y - a book of Maledictions

   Spells                             Type                      Level
   a - Corona                         Hexes                        1
   b - Ensorcelled Hibernation        Hexes/Ice                    2
   c - Confuse                        Hexes                        3
   d - Tukima's Dance                 Hexes                        3
   e - Dazzling Spray                 Conjuration/Hexes            3
 z - a book of Changes

   Spells                             Type                      Level
   a - Beastly Appendage              Transmutation                1
   b - Sticks to Snakes               Transmutation                2
   c - Spider Form                    Transmutation/Poison         3
   d - Ice Form                       Ice/Transmutation            4
   e - Blade Hands                    Transmutation                5
 F - a book of Cantrips

   Spells                             Type                      Level
   a - Confusing Touch                Hexes                        1
   b - Animate Skeleton               Necromancy                   1
   c - Summon Small Mammal            Summoning                    1
   d - Apportation                    Translocation                1
Comestibles
 c - 8 bread rations
 i - 9 meat rations
 x - a royal jelly
 E - 35 fruits


   Skills:
 + Level 5.0 Fighting
 + Level 8.2 Dodging
 - Level 3.0 Stealth
 - Level 10.1 Spellcasting
 - Level 10.0 Conjurations
 - Level 10.1 Fire Magic


You had 13 spell levels left.
You knew the following spells:

 Your Spells              Type           Power        Failure   Level  Hunger
a - Flame Tongue          Conj/Fire      #####        1%          1    None
b - Throw Flame           Conj/Fire      ######       1%          2    None
c - Conjure Flame         Conj/Fire      ######..     1%          3    None
d - Sticky Flame          Conj/Fire      ######..     1%          4    #......
e - Fireball              Conj/Fire      ######....   1%          5    ####...
f - Searing Ray           Conj           ######       1%          2    None


Dungeon Overview and Level Annotations

Branches:
Dungeon (9/15)             Temple (0/1) D:6            Lair (1/6) D:9
    Orc (0/2) D:9

Altars:
Dithmenos
Elyvilon
Fedhas
Nemelex Xobeh
Vehumet
Zin
The Shining One

Annotations:
Lair:1 exclusion: 3 oklob plants


Message History

The oklob plant is severely damaged.
Casting: Flame Tongue
Confirm with . or Enter, or press ? or * to list all spells.
Aiming: Flame Tongue
Press: ? - help, Shift-Dir - straight line, f/p - oklob plant
Aim: an oklob plant (severely damaged)
The flame tongue hits the oklob plant.
The oklob plant is almost destroyed.
Casting: Flame Tongue
Confirm with . or Enter, or press ? or * to list all spells.
Aiming: Flame Tongue
Press: ? - help, Shift-Dir - straight line, f/p - oklob plant
Aim: an oklob plant (almost destroyed)
The flame tongue hits the oklob plant.
The oklob plant appears unharmed.
The oklob plant is almost destroyed.
The oklob plant spits acid at you. The splash of acid hits you!
* * * LOW HITPOINT WARNING * * *
The acid corrodes you!
You are splashed with acid!
The acid burns!
You die...

#..##.#...######..........#.##.#
................................
................................
..........####P#...#####........
..........# ###..## #........
..........######..# #........
..........##...P..######........
................................
................@...............
.........#P...##...##....#.##..#
.........#P($.##..####P..### ..#
#........#=$$.##..# ##...# ..
#........#$..P##..# ##..##
#........#P..[##..## #..>#
.........#######...# #P..#
#........P# #..## ##..#
#.......### #..# #..#


You could see an oklob plant.

Vanquished Creatures
  A two-headed ogre (D:8)
  Pikel (D:7)
  A spiny frog (Lair:1)
  Grinder (D:6)
  2 hippogriffs (Lair:1)
  Sigmund (D:2)
  7 yaks
  A basilisk (Lair:1)
  2 hungry ghosts (D:8)
  Edmund (D:5)
  A water moccasin (Lair:1)
  Duvessa (D:4)
  A porcupine (Lair:1)
  A black bear (D:7)
  3 ice beasts
  An orc warrior (D:9)
  3 phantoms
  6 ogres
  A necrophage (D:6)
  4 centaurs
  2 crocodiles (Lair:1)
  2 big kobolds (D:8)
  11 bullfrogs
  Dowan (D:4)
  A scorpion (D:8)
  4 killer bees (D:7)
  5 wights (D:7)
  A centaur zombie (D:5)
  4 howler monkeys
  A crimson imp (D:8)
  A bullfrog zombie (D:9)
  6 orc priests
  A gnoll shaman (D:6)
  5 hounds
  Crazy Yiuf (D:2)
  3 bullfrog skeletons
  4 worker ants
  8 orc wizards
  A hound zombie (D:5)
  2 hound skeletons
  4 gnolls (D:6)
  8 adders
  2 shadow imps
  An adder skeleton (D:5)
  2 worms
  A dart slug (D:2)
  2 leopard geckos
  43 orcs
  5 bats
  2 giant cockroaches
  4 goblins
  7 hobgoblins
  9 jackals
  13 kobolds
  5 quokkas
  4 frilled lizards
  A quokka skeleton (D:5)
  24 rats
  A plant (Lair:1)
242 creatures vanquished.

Vanquished Creatures (others)
  3 slaves (D:7)
  A quokka (D:7)
  2 plants (Lair:1)
6 creatures vanquished.

Grand Total: 248 creatures vanquished

Notes
Turn   | Place    | Note
-------+----------+-------------------------------------------
     0 | D:1      | Spazmo the Deep Elf Fire Elementalist began the quest for the Orb.
     0 | D:1      | Reached XP level 1. HP: 10/10 MP: 6/6
   600 | D:2      | Reached XP level 2. HP: 15/15 MP: 0/8
   669 | D:1      | Learned a level 2 spell: Throw Flame
   916 | D:2      | Noticed Sigmund
   920 | D:2      | You fall through a shaft for 2 floors!
   920 | D:4      | Noticed a phantom
   994 | D:4      | Killed a phantom
   994 | D:4      | Reached XP level 3. HP: 10/19 MP: 1/10
   994 | D:4      | Reached XP level 4. HP: 13/24 MP: 1/12
  1200 | D:3      | Reached XP level 5. HP: 28/28 MP: 6/13
  1205 | D:3      | Learned a level 3 spell: Conjure Flame
  1210 | D:3      | Learned a level 4 spell: Sticky Flame
  1311 | D:2      | Killed Sigmund
  1311 | D:2      | Reached skill level 5 in Spellcasting
  1311 | D:2      | Reached XP level 6. HP: 31/32 MP: 7/15
  1776 | D:2      | Found a runed door.
  1780 | D:2      | Noticed Crazy Yiuf
  1783 | D:2      | Killed Crazy Yiuf
  1783 | D:2      | Reached skill level 5 in Fire Magic
  2961 | D:4      | Reached XP level 7. HP: 36/36 MP: 14/18
  2968 | D:4      | Learned a level 5 spell: Fireball
  3389 | D:4      | Reached skill level 5 in Conjurations
  3503 | D:4      | Noticed Duvessa
  3528 | D:4      | Killed Duvessa
  3657 | D:4      | Noticed Dowan
  3664 | D:4      | Killed Dowan
  3887 | D:5      | Entered Level 5 of the Dungeon
  3887 | D:5      | Found a radiant altar of Vehumet.
  3894 | D:5      | Became a worshipper of Vehumet
  4166 | D:5      | Reached XP level 8. HP: 41/41 MP: 12/20
  4666 | D:5      | Noticed Edmund
  4678 | D:5      | Killed Edmund
  4981 | D:6      | Found a staircase to the Ecumenical Temple.
  5063 | D:6      | Found a glowing golden altar of the Shining One.
  5120 | D:6      | Reached * piety under Vehumet
  5120 | D:6      | Offered knowledge of Freeze by Vehumet.
  5222 | D:6      | Found a shadowy altar of Dithmenos.
  5381 | D:6      | Noticed Grinder
  5389 | D:6      | Paralysed by Grinder for 6 turns
  5396 | D:6      | Killed Grinder
  5489 | D:7      | Found a blossoming altar of Fedhas.
  5527 | D:7      | Found a white marble altar of Elyvilon.
  5560 | D:7      | Reached XP level 9. HP: 28/45 MP: 10/24
  5579 | D:7      | HP: 2/45 [centaur/arrow (12)]
  5904 | D:7      | Noticed Pikel
  5913 | D:7      | Killed Pikel
  5913 | D:7      | Reached skill level 10 in Spellcasting
  5984 | D:7      | Reached ** piety under Vehumet
  6000 | D:7      | Offered knowledge of Searing Ray by Vehumet.
  6004 | D:7      | Learned a level 2 spell: Searing Ray
  6793 | D:8      | Noticed a two-headed ogre
  6809 | D:8      | Killed a two-headed ogre
  6809 | D:8      | Offered knowledge of Static Discharge by Vehumet.
  6809 | D:8      | Reached skill level 10 in Fire Magic
  6809 | D:8      | Reached XP level 10. HP: 50/50 MP: 7/26
  7009 | D:8      | Reached skill level 1 in Fighting
  7025 | D:8      | Reached *** piety under Vehumet
  7105 | D:8      | Found a sparkling altar of Nemelex Xobeh.
  7208 | D:8      | Reached skill level 10 in Conjurations
  7720 | D:9      | Reached skill level 5 in Dodging
  7735 | D:9      | Found a staircase to the Lair.
  7851 | D:9      | Offered knowledge of Throw Icicle by Vehumet.
  7981 | D:9      | Found a staircase to the Orcish Mines.
  8354 | D:9      | Found a glowing silver altar of Zin.
  8602 | Lair:1   | Entered Level 1 of the Lair of Beasts
  8862 | Lair:1   | Noticed a spiny frog
  8868 | Lair:1   | Killed a spiny frog
  8868 | Lair:1   | Reached **** piety under Vehumet
  8975 | Lair:1   | Reached XP level 11. HP: 62/62 MP: 24/27
  9187 | Lair:1   | Noticed an oklob plant
  9187 | Lair:1   | Noticed an oklob plant
  9187 | Lair:1   | Noticed an oklob plant
  9220 | Lair:1   | Offered knowledge of Airstrike by Vehumet.
  9281 | Lair:1   | Reached skill level 5 in Fighting
  9435 | Lair:1   | Splashed by an oklob plant's acid

Vault maps used:
D:1:      giann_wishing_wells, minmay_quantized
D:2:      uniq_sigmund, uniq_crazy_yiuf_cottage
D:3:      minmay_misc_feat_pillars
D:4:      first_bread, minmay_rat_hole, uniq_duvessa
D:5:      lemuel_round_altar, uniq_edmund
D:6:      nicolae_tso_carved_into_rock, nicolae_dithmenos_shadow_blocks,
          minmay_temple_entry_statues_pillars, uniq_grinder
D:7:      lemuel_crystal_altar, elyvilon_altar_4, uniq_pikel
D:8:      basic_altar, blue_anna_alchemist
D:9:      kennysheep_mini_moat, dpeg_oklobed_lair, hiddenorc1_lemuel
Lair:1:   lemuel_fruit_tree, minmay_lair_oklob_chamber

Skill      XL: |  1  2  3  4  5  6  7  8  9 10 11 |
---------------+----------------------------------+-----
Stealth        | 3 |  3.0
Dodging        | 3 7 8 |  8.2
Spellcasting   | 4 5 6 7 9 10 | 10.1
Conjurations   | 2 3 4 5 7 9 10 | 10.0
Fire Magic     | 4 5 6 8 10 | 10.1
Fighting       | 4 5 |  5.0

Action                   |  1- 3 |  4- 6 |  7- 9 | 10-12 || total
-------------------------+-------+-------+-------+-------++-------
Melee: Short sword       |       |     1 |       |       ||     1
       Quarterstaff      |       |       |    15 |    13 ||    28
 Cast: Flame Tongue      |    41 |    73 |   217 |   194 ||   525
       Throw Flame       |       |     7 |    16 |    11 ||    34
       Sticky Flame      |       |     1 |    26 |    23 ||    50
       Fireball          |       |       |     5 |     5 ||    10
       Conjure Flame     |       |       |     1 |     1 ||     2
       Searing Ray       |       |       |       |     2 ||     2
  Use: Scroll            |     6 |     1 |    13 |     1 ||    21
       Potion            |       |     1 |     3 |     1 ||     5
  Eat: Chunk             |       |     6 |    12 |     7 ||    25
       Royal jelly       |       |       |     1 |       ||     1
       Fruit             |       |       |       |     3 ||     3
Armor: Robe              |     2 |     9 |    28 |     7 ||    46
Dodge: Dodged            |     6 |    31 |    87 |    31 ||   155
Block: Other             |       |       |       |     4 ||     4
       Reflection        |       |       |       |     1 ||     1

Table legend:
 A = Spawn XP
 B = Non-spawn XP
 C = Spawn XP percentage of total XP
 D = Spawn monster count
 E = Non-spawn monster count
 F = Spawn count percentage of total count
 G = Total turns spent on level
                    A         B        C        D         E        F      G
               +---------+---------+-------+---------+---------+-------+---------
         Total |       0 |   11890 |   0.0 |       0 |     241 |   0.0 |  9435
               +---------+---------+-------+---------+---------+-------+---------
           D:1 |       0 |      10 |   0.0 |       0 |       6 |   0.0 |   660
           D:2 |       0 |     342 |   0.0 |       0 |      28 |   0.0 |  1152
           D:3 |       0 |     199 |   0.0 |       0 |      21 |   0.0 |   889
           D:4 |       0 |     722 |   0.0 |       0 |      35 |   0.0 |  1186
           D:5 |       0 |     613 |   0.0 |       0 |      20 |   0.0 |   936
           D:6 |       0 |     672 |   0.0 |       0 |      15 |   0.0 |   632
           D:7 |       0 |    2259 |   0.0 |       0 |      37 |   0.0 |  1236
           D:8 |       0 |    2597 |   0.0 |       0 |      33 |   0.0 |  1022
           D:9 |       0 |    1953 |   0.0 |       0 |      33 |   0.0 |   889
        Lair:1 |       0 |    2523 |   0.0 |       0 |      13 |   0.0 |   833
               +---------+---------+-------+---------+---------+-------+---------
